 Dungeon Crawl Stone Soup version 0.29-a0-234-g0dae59b3db (webtiles) character file.

Game seed: 7451931365502622707

666 ReploidZero the Ruffian (level 7, -1/68 HPs)
             Began as a Troll Gladiator on Mar 3, 2022.
             Was a Follower of Ru.
             Killed from afar by Blork the orc (8 damage)
             ... with a puff of flame
             ... on level 5 of the Dungeon.
             The game lasted 00:09:35 (3618 turns).

ReploidZero the Ruffian (Troll Gladiator)           Turns: 3618, Time: 00:09:35

Health: -1/68      AC:  7    Str: 23    XL:     7   Next: 31%
Magic:  15/15      EV: 12    Int:  4    God:    Ru [*.....]
Gold:   307        SH:  0    Dex: 19    Spells: 6/6 levels left

rFire   . . .      SeeInvis .     - Unarmed
rCold   . . .      Faith    .   (no shield)
rNeg    + . .      Spirit   .   a - +0 robe
rPois   .          Reflect  .   b - +0 hat
rElec   .          Harm     .   o - +2 cloak
rCorr   .          Rampage  .   (gloves unavailable)
Will    .....                   (boots unavailable)
Stlth   ++........              (no amulet)
HPRegen 1.01/turn               u - ring of Uwus {Contam rN+ MP+9 Dex+6}
MPRegen 0.14/turn               (no ring)

@: no status effects
A: large, unfitting armour, claws 3, regeneration 1, shaggy fur 1, tough skin 1,
no hexes magic, no necromancy magic, no poison magic
a: Renounce Religion


You were on level 5 of the Dungeon.
You worshipped Ru.
Ru was aware of your devotion.
You visited 1 branch of the dungeon, and saw 5 of its levels.

You collected 307 gold pieces.

Inventory:

Missiles
 c - 3 throwing nets (quivered)
 i - 5 atropa-tipped darts
Armour
 a - a +0 robe (worn)
 b - a +0 hat (worn)
 o - a +2 cloak (worn)
Jewellery
 q - a ring of positive energy
 s - a +6 ring of intelligence
 u - the ring of Uwus (left claw) {Contam rN+ MP+9 Dex+6}
   (You found it on level 3 of the Dungeon)

   [ring of magical power]

   Dex:       It affects your dexterity (+6).
   rN:        It protects you from negative energy.
   MP:        It affects your magic capacity (+9).
   Contam:    It causes magical contamination when unequipped.
Wands
 g - a wand of iceblast (7)
Scrolls
 d - a scroll of fog {unknown}
 m - a scroll of blinking
 r - a scroll of identify
Potions
 e - a potion of invisibility {unknown}
 f - 2 potions of lignification
 h - a potion of attraction {unknown}
 j - 2 potions of flight {unknown}
 k - a potion of curing {unknown}
 n - 2 potions of mutation {unknown}
 p - 2 potions of brilliance {unknown}


   Skills:
 + Level 3.6 Fighting
 + Level 4.0 Throwing
 + Level 4.1 Dodging
 + Level 4.9 Unarmed Combat


You had 6 spell levels left.
You didn't know any spells.
Your spell library contained the following spells:

 Spells                   Type           Power      Damage    Failure   Level
 Shock                    Conj/Air       0%         1d3       50%         1
 Swiftness                Air            0%         N/A       86%         3
 Airstrike                Air            0%         N/A       99%         4
 Starburst                Conj/Fire      0%         6d3       100%        6
 Haunt                    Necr/Summ      Unusable   N/A       N/A         7

Dungeon Overview and Level Annotations

Branches:
Dungeon (5/15)             Temple (0/1) D:4

Altars:
Ru

Shops:
D:4 =

Annotations:
D:5 Blork the orc


Innate Abilities, Weirdness & Mutations

You are too large for most types of armour.
You have claws for hands.
Your natural rate of healing is unusually fast.
You are covered in fur. (AC +1)
You have tough skin. (AC +1)
You cannot study or cast Hexes magic.
You cannot study or cast Necromancy magic.
You cannot study or cast Poison magic.


Message History

You are too injured to fight recklessly!
Blork the orc is nearby!
Attack: -) Claws
Press: ? - help, Dir - move target, f - Blork the orc
Aim: Blork the orc, wielding a +3 glaive of venom and wearing a +0 robe (moderately wounded, fast, about 31% to evade your claws)
Okay, then.
Unknown command.
Unknown command.
You feel sick.
Blork the orc points at you and mumbles some strange words.
The puff of frost misses you.
Blork the orc gestures at you while chanting.
The puff of frost hits you!
* * * LOW HITPOINT WARNING * * *
You feel very sick.
You feel sick.
You feel sick.
Blork the orc casts a cantrip, but nothing happens.
You feel sick. Blork the orc casts a spell at you.
The puff of frost misses you.
You feel sick.
You feel sick.
You feel sick.
You feel sick.
You are no longer poisoned.
Blork the orc casts a spell at you. The magic dart hits you.
* * * LOW HITPOINT WARNING * * *
Blork the orc casts a spell at you. The puff of frost misses you.
Blork the orc hits you from afar with a +3 glaive of venom.
* * * LOW HITPOINT WARNING * * *
Blork the orc points at you and mumbles some strange words.
The puff of frost hits you!
* * * LOW HITPOINT WARNING * * *
Blork the orc looks braver for a moment.
Blork the orc gestures at you while chanting.
The puff of flame hits you!
You die...

...####.....#o.# #
...........##.# .#
##......[.##.#####+#...
#........##.##......>.
#.........#.##........
########
#.....o...#..#.o...#
......<#
######....##.#))...#
.####### #....##..)....#
[###### #@...###).....+
......# #....# #......#
#####.# ######....#
#......# #.# #.........#
##.#####
##.#####'####.#........
#....##.....#.#.######.#
#....').....#.#.# ..
#....##.....#.#.#
#######.......#


You could see Blork the orc (fast).

Vanquished Creatures
  Duvessa (D:5)
  An ogre (D:3)
  A gnoll sergeant (D:4)
  Dowan (D:5)
  A hound (D:4)
  Crazy Yiuf (D:2)
  A jelly (D:3)
  An iguana (D:5)
  Terence (D:2)
  Robin (D:4)
  2 gnolls (D:4)
  7 adders
  A shadow imp (D:5)
  2 worms
  A dart slug (D:3)
  8 orcs
  3 bats
  9 endoplasms
  2 giant cockroaches (D:2)
  10 hobgoblins
  6 jackals (D:1)
  5 kobolds
  6 quokkas
  7 ball pythons
  8 frilled lizards
  26 goblins
  4 rats
117 creatures vanquished.

Vanquished Creatures (others)
  An orc (D:5)
  A plant (D:4)
2 creatures vanquished.

Grand Total: 119 creatures vanquished

Notes
Turn   | Place    | Note
-------+----------+-------------------------------------------
     0 | D:1      | ReploidZero the Troll Gladiator began the quest for the
                  | Orb.
     0 | D:1      | Reached XP level 1. HP: 19/19 MP: 0/0
   170 | D:1      | Reached XP level 2. HP: 24/28 MP: 1/1
   307 | D:1      | Got Sif Muna's Grimoire of the Hurtful Escort
   497 | D:1      | Reached XP level 3. HP: 35/35 MP: 2/2
   864 | D:1      | Found a faded altar of an unknown god.
  1390 | D:2      | Reached XP level 4. HP: 34/42 MP: 3/3
  1500 | D:2      | Noticed Terence
  1510 | D:2      | Killed Terence
  1592 | D:2      | Found a runed translucent door.
  1593 | D:2      | Noticed Crazy Yiuf
  1723 | D:2      | Killed Crazy Yiuf
  1724 | D:2      | Reached XP level 5. HP: 50/50 MP: 4/4
  1822 | D:3      | Found a sacrificial altar of Ru.
  1833 | D:3      | Became a worshipper of Ru the Awakened
  2324 | D:3      | Identified the ring of Uwus {Contam rN+ MP+9 Dex+6}
  2409 | D:3      | Noticed an ogre
  2423 | D:3      | Killed an ogre
  2424 | D:3      | Reached XP level 6. HP: 61/61 MP: 5/5
  2704 | D:4      | Found Alosarr's Jewellery Shoppe.
  2764 | D:4      | Noticed Robin
  2784 | D:4      | Killed Robin
  2854 | D:4      | Gained mutation: You cannot study or cast Poison magic. [Ru
                  | sacrifice]
  2854 | D:4      | Gained mutation: You cannot study or cast Hexes magic. [Ru
                  | sacrifice]
  2854 | D:4      | Gained mutation: You cannot study or cast Necromancy magic.
                  | [Ru sacrifice]
  2854 | D:4      | Reached * piety under Ru
  3367 | D:4      | Found a staircase to the Ecumenical Temple.
  3497 | D:5      | Entered Level 5 of the Dungeon
  3518 | D:5      | Noticed Duvessa
  3519 | D:5      | Noticed Dowan
  3525 | D:5      | Killed Duvessa
  3526 | D:5      | Reached XP level 7. HP: 65/67 MP: 6/6
  3529 | D:5      | Killed Dowan
  3586 | D:5      | Noticed Blork the orc
  3618 | D:5      | Killed from afar by Blork the orc

Illustrated notes

Levels and vault maps discovered:
D:1:      erik_arrival_orb_chamber, layout_basic,
          shapermc_ecumenical_altar_mp_vishouse, supply_closet_lemuel,
          patterned_corridor
D:2:      layout_rooms, kennysheep_generic_room_14, uniq_terence,
          uniq_crazy_yiuf_cottage
D:3:      layout_loops_ring, hangedman_ru_absence, minmay_ogre_servants
D:4:      layout_cave_pods, minmay_temple_entry_large_hall,
          nicolae_stop_n_shop_2, minmay_fountain_box, serial_bayou_crossing,
          uniq_robin
D:5:      layout_basic, minmay_misc_feat_more_columns, sigmund_army,
          uniq_duvessa, uniq_blork_the_orc

Skill      XL: |  1  2  3  4  5  6  7 |
---------------+----------------------+-----
Throwing       | 2 3 4 |  4.0
Fighting       | 2 3 |  3.6
Dodging        | 3 4 |  4.1
Unarmed Combat | 4 |  4.9

Action                   |  1- 3 |  4- 6 |  7- 9 || total
-------------------------+-------+-------+-------++-------
Melee: Unarmed           |   112 |   160 |    20 ||   292
       Punch             |     1 |     1 |     2 ||     4
Throw: Throwing net      |       |     2 |       ||     2
Invok: Sacrifice Arcana  |       |     1 |       ||     1
  Use: Scroll            |       |     6 |       ||     6
       Potion            |       |     1 |       ||     1
 Stab: Sleeping          |     4 |     8 |       ||    12
       Held in net/web   |       |     2 |       ||     2
Armor: Robe              |    31 |    49 |     5 ||    85
Dodge: Dodged            |    38 |    81 |    19 ||   138

Table legend: (Time is in decaauts)
 A = Elapsed time spent in this place.
 B = Non-inter-level travel time spent in this place.
 C = Inter-level travel time spent in this place.
 D = Time resting spent in this place.
 E = Time spent auto-exploring this place.
 F = Levels seen in this place.
 G = Mean time per level.
                   A        B        C        D        E       F      G
               +--------+--------+--------+--------+--------+-----+--------+
         Total |   3611 |   3434 |    177 |      0 |   2718 |   5 |  722.2 |
       Dungeon |   3611 |   3434 |    177 |      0 |   2718 |   5 |  722.2 |
               +--------+--------+--------+--------+--------+-----+--------+

Top non-repeatable levels by time:
     D:1: 1159 daAuts
     D:4: 874 daAuts
     D:3: 851 daAuts
     D:2: 607 daAuts
     D:5: 118 daAuts
